 Dungeon Crawl Stone Soup version 0.16.1-5-gaa23807 (webtiles) character file.

558 Chiseanne the Chiller (level 7, 0/45 HPs)
             Began as an Octopode Ice Elementalist on Mar 28, 2015.
             Slain by a gnoll
             ... wielding a +0 spear
              (8 damage)
             ... on level 4 of the Dungeon.
             The game lasted 00:19:01 (6447 turns).

Chiseanne the Chiller (Octopode Ice Elementalist)   Turns: 6447, Time: 00:19:01

Health: 0/45       AC:  7    Str:  7    XL:     7   Next: 31%
Magic:  1/18       EV: 13    Int: 17    God:
Gold:   322        SH:  5    Dex: 15    Spells: 4 memorised, 5 levels left

rFire  . . .     SeeInvis .     a - +1 dagger
rCold  . . .     Clarity  .     (no shield)
rNeg   . . .     SustAb   .     (helmet restricted)
rPois  .         Gourm    .     (no amulet)
rElec  .         Spirit   .     (no ring)
rCorr  .         Warding  .     (no ring)
rMut   .         Stasis   .     (no ring)
MR     .....                    (no ring)
Stlth  +++.......               (no ring)
                                (no ring)
                                (no ring)
                                (no ring)

@: icy armour, icy shield, very slightly contaminated, not resistant to hostile
enchantments, fairly stealthy
A: almost no armour, amphibious, 8 rings, constrict 8, camouflage 1, gelatinous
body 1
a: no special abilities


You were on level 4 of the Dungeon.
You were not hungry.

You visited 1 branch of the dungeon, and saw 4 of its levels.
You also visited: Sewer.

You collected 322 gold pieces.

Inventory:

Hand weapons
 a - a +1 dagger (weapon)
Missiles
 h - 14 poisoned needles
Jewellery
 d - an uncursed ring of ice
 e - an uncursed amulet of clarity {unknown}
 p - an uncursed ring of ice
 t - an uncursed amulet of regeneration {unknown}
Potions
 g - a potion of agility {unknown}
 i - a potion of degeneration {unknown}
 j - a potion of restore abilities {unknown}
 k - 2 potions of poison {unknown}
 m - 2 potions of heal wounds {unknown}
 o - 2 potions of cure mutation {unknown}
 q - a potion of curing {unknown}
 r - a potion of lignification {unknown}
 s - a potion of brilliance {unknown}
Books
 b - a book of Frost

   Spells                             Type                      Level
   a - Freeze                         Ice                          1
   b - Throw Frost                    Conjuration/Ice              2
   c - Ozocubu's Armour               Charms/Ice                   3
   d - Throw Icicle                   Conjuration/Ice              4
   e - Summon Ice Beast               Ice/Summoning                4
   f - Condensation Shield            Ice                          4
Comestibles
 c - 3 bread rations
 f - a meat ration
 l - a fruit
 n - a beef jerky


   Skills:
 * Level 2.0 Fighting
 * Level 3.3 Dodging
 - Level 2.6 Stealth
 * Level 4.8 Spellcasting
 - Level 1.0 Conjurations
 * Level 5.3 Ice Magic


You had 5 spell levels left.
You knew the following spells:

 Your Spells              Type           Power        Failure   Level  Hunger
a - Freeze                Ice            ###.         1%          1    None
b - Ozocubu's Armour      Chrm/Ice       ##......     17%         3    ###....
c - Condensation Shield   Ice            ###.......   17%         4    ####...
d - Throw Frost           Conj/Ice       ##....       10%         2    #......


Dungeon Overview and Level Annotations

Branches:
Dungeon (4/15)
 Temple: D:4-7

Altars:
Dithmenos
Fedhas
Makhleb
Yredelemnul
Zin

Annotations:
D:4 Edmund


Innate Abilities, Weirdness & Mutations

You cannot wear most types of armour.
You are amphibious.
You can wear up to eight rings at the same time.
You can use your tentacles to constrict many enemies at once.
Your skin changes colour to match your surroundings (Stealth).
Your rubbery body absorbs attacks (AC +1).


Message History

Casting: Freeze
Confirm with . or Enter, or press ? or * to list all spells.
Aiming: Freeze
Press: ? - help, Shift-Dir - straight line, f/p - Edmund
Aim: Edmund, wielding a flail of holy wrath, wearing a glowing chain mail and carrying a wand of magic darts {zapped: 2} (heavily wounded, unusually strong)
You freeze Edmund.
Edmund is severely wounded.
The gnoll hits you from afar with a spear. x2
Casting: Freeze
Confirm with . or Enter, or press ? or * to list all spells.
Aiming: Freeze
Press: ? - help, Shift-Dir - straight line, f/p - Edmund
Aim: Edmund, wielding a flail of holy wrath, wearing a glowing chain mail and carrying a wand of magic darts {zapped: 2} (severely wounded, unusually strong)
You freeze Edmund.
Edmund is severely wounded.
Edmund hits you with a flail of holy wrath!
* * * LOW HITPOINT WARNING * * *
The gnoll closely misses you.
The gnoll hits you from afar with a spear!
You die...

#..#..##.....[...###..#.
#..#..##.##.#.......#.#.
#... #...##.#....####.##
..###.###.......# #.##
#.#.## #.....(.###...
....#.###.###
#....>......##
............#
#.......###.#≈
.####.#####.# ##.####.#
#.'≈ #@# .... ..# #.#≈
#gg.@....## #.## #.##
#.##g##..# #.#...... .%
.g# ...##.#.###.# #..
..# .....# #.# # .#.# .
. ..# .#.# ...# ....#
... #.# ##


You could see Edmund and 4 gnolls.

Vanquished Creatures
  2 giant frogs (Sewer)
  4 worker ants
  9 adders
  12 giant mites (Sewer)
  2 worms (D:3)
  9 giant geckos
  13 oozes
  2 orcs (D:3)
  13 ball pythons (Sewer)
  9 bats
  15 giant cockroaches
  17 goblins
  13 hobgoblins
  3 jackals (D:2)
  6 kobolds
  A quokka (D:3)
  16 giant newts
  3 rats
149 creatures vanquished.

Notes
Turn   | Place    | Note
--------------------------------------------------------------
     0 | D:1      | Chiseanne, the Octopode Ice Elementalist, began the quest for the Orb.
     0 | D:1      | Reached XP level 1. HP: 11/11 MP: 3/3
   460 | D:1      | Reached XP level 2. HP: 17/17 MP: 4/4
  1373 | D:1      | Reached XP level 3. HP: 19/22 MP: 2/6
  1758 | D:2      | Found a shadowy altar of Dithmenos.
  2186 | D:2      | Found a glowing silver altar of Zin.
  2302 | D:2      | Learned a level 3 spell: Ozocubu's Armour
  2771 | D:2      | Found a burning altar of Makhleb.
  2773 | D:2      | Found a basalt altar of Yredelemnul.
  2777 | D:2      | Found a blossoming altar of Fedhas.
  2851 | D:3      | Reached XP level 4. HP: 19/27 MP: 5/8
  3388 | D:3      | Reached skill level 1 in Fighting
  3706 | D:3      | Reached XP level 5. HP: 33/33 MP: 11/11
  3980 | D:3      | Reached skill level 4 in Ice Magic
  4348 | D:4      | Learned a level 4 spell: Condensation Shield
  4609 | D:4      | Found a glowing drain.
  4642 | D:4      | Reached XP level 6. HP: 38/38 MP: 4/13
  4660 | Sewer    | Entered a sewer
  5805 | Sewer    | Reached skill level 5 in Ice Magic
  5805 | Sewer    | Reached XP level 7. HP: 27/44 MP: 10/18
  5999 | Sewer    | HP: 2/44 [poisoned by an adder]
  6007 | Sewer    | HP: 1/44 [poisoned by an adder]
  6428 | D:4      | Noticed Edmund
  6433 | D:4      | Learned a level 2 spell: Throw Frost
  6447 | D:4      | Slain by a gnoll

Action                   |  1- 3 |  4- 6 |  7- 9 || total
-------------------------+-------+-------+-------++-------
Melee: Unarmed           |    32 |       |       ||    32
       Dagger            |     7 |   146 |    19 ||   172
 Cast: Freeze            |    46 |    87 |    21 ||   154
       Ozocubu's Armour  |       |    15 |     1 ||    16
       Condensation Shie |       |       |     1 ||     1
  Use: Scroll            |       |     4 |     1 ||     5
 Stab: Sleeping          |     6 |    30 |     2 ||    38
  Eat: Chunk             |     4 |    10 |     2 ||    16
       Fruit             |     2 |     2 |       ||     4
